 Dungeon Crawl Stone Soup version 0.20.1-1-g8b1a95d (webtiles) character file.

97 leoctania the Skirmisher (level 5, 0/33 HPs)
             Began as a Kobold Berserker on July 5, 2017.
             Was a Follower of Trog.
             Slain by an orc priest
             ... wielding a +0 morningstar
              (4 damage)
             ... on level 2 of the Dungeon.
             The game lasted 00:37:54 (2593 turns).

leoctania the Skirmisher (Kobold Berserker)         Turns: 2593, Time: 00:37:55

Health: 0/33       AC:  5    Str: 15    XL:     5   Next: 0%
Magic:  5/5        EV: 14    Int:  8    God:    Trog [*.....]
Gold:   59         SH:  0    Dex: 15    Spells: 4/4 levels left

rFire    + . .     SeeInvis .   a - +0 falchion
rCold    + . .     Gourm    .   (shield restricted)
rNeg     . . .     Faith    .   h - +0 ring mail
rPois    +         Spirit   .   (no helmet)
rElec    +         Reflect  .   (no cloak)
rCorr    +         Harm     .   (no gloves)
MR       .....                  (no boots)
Stlth    +.........             (no amulet)
Regen    0.2/turn               r - ring of resist corrosion
MPRegen  0.1/turn               (no ring)

@: resistant
A: carnivore 3
a: Berserk, Burn Spellbooks, Renounce Religion


You were on level 2 of the Dungeon.
You worshipped Trog.
Trog was aware of your devotion.
You were completely stuffed.

You visited 1 branch of the dungeon, and saw 2 of its levels.

You collected 59 gold pieces.

Inventory:

Hand Weapons
 a - a +0 falchion (weapon)
 d - a cursed -2 club
 e - a +0 dagger
 f - a +0 short sword
 n - a +3 whip
 p - a +0 dagger
 q - a -3 spear
Missiles
 l - 24 sling bullets
 m - 16 arrows
 o - 12 stones (quivered)
Armour
 b - a +1 animal skin
 h - a +0 ring mail (worn)
Jewellery
 r - a ring of resist corrosion (left hand)
Scrolls
 i - a scroll of random uselessness
Comestibles
 c - 2 meat rations
 g - 2 chunks of flesh
 j - a bread ration


   Skills:
 + Level 3.8 Fighting
 + Level 3.5 Long Blades
 + Level 1.8 Armour
 + Level 3.2 Dodging
 + Level 0.4 Stealth


You had 4 spell levels left.
You didn't know any spells.

Dungeon Overview and Level Annotations

Branches:
Dungeon (2/15)

Altars:
Fedhas


Innate Abilities, Weirdness & Mutations

You are small and have problems with some larger weapons.
You are carnivorous and can eat meat at any time.


Message History

You barely miss the orc.
The orc is severely wounded.
The orc barely misses you.
You hit the orc.
You kill the orc!
Trog accepts your kill.
You have reached level 5!
You feel stronger.
The orc priest begins to cast a cantrip, but forgets the words!
The orc priest looks encouraged for a moment.
Things that are here:
a flail; a ring mail; an orc corpse You barely miss the orc priest.
The orc priest hits you but does no damage.
You hit the orc priest.
The orc priest is lightly wounded.
The orc priest hits you with a morningstar!
* * * LOW HITPOINT WARNING * * *
The orc priest hits you with a morningstar.
You die...

# #.#.......#.....#.# ###... #
#.#.......#.....#.# #.####
####.#.......#.....#.#######.#
.....#.≈...≈.#...............#
.....#.......#..##.#.#######.#
.....##.....##.......# #.#
.....###$⌠o###...#.#.# ####.#
......#######..o.#..... ..#.#
....#.....)...#.@#########.#.#
..........#####............#.#
.....####.## #..............#
................##############
##+#.##..........
...#.#........###
####.#......#.# #.#.........
#.# ...#


You could see an orc priest.

Vanquished Creatures
  3 adders
  3 gnolls (D:2)
  A worm (D:1)
  A leopard gecko (D:1)
  3 orcs (D:2)
  A ball python (D:2)
  3 giant cockroaches (D:1)
  7 hobgoblins
  2 bats
  A frilled lizard (D:1)
  5 goblins
  4 kobolds
  A rat (D:2)
  2 plants (D:1)
37 creatures vanquished.

Notes
Turn   | Place    | Note
-------+----------+-------------------------------------------
     0 | D:1      | leoctania the Kobold Berserker began the quest for the Orb.
     0 | D:1      | Reached XP level 1. HP: 14/14 MP: 1/1
   662 | D:1      | Reached XP level 2. HP: 19/19 MP: 2/2
  1344 | D:1      | Reached XP level 3. HP: 13/24 MP: 3/3
  1671 | D:2      | Found a faded altar of an unknown god.
  1767 | D:2      | Found a blossoming altar of Fedhas.
  1768 | D:2      | Noticed an ogre
  1949 | D:2      | Reached XP level 4. HP: 24/29 MP: 4/4
  2582 | D:2      | Reached XP level 5. HP: 11/33 MP: 5/5
  2593 | D:2      | Slain by an orc priest

Skill      XL: |  1  2  3  4 |
---------------+-------------+-----
Long Blades    | 3 |  3.5
Dodging        | 3 |  3.2
Fighting       | |  3.8
Armour         | |  1.8
Stealth        | |  0.4

Action                   |  1- 3 |  4- 6 || total
-------------------------+-------+-------++-------
Melee: Falchion          |   168 |    41 ||   209
       Spear             |       |    10 ||    10
  Use: Scroll            |     4 |     1 ||     5
       Potion            |       |     2 ||     2
  Eat: Chunk             |    11 |     3 ||    14
Armor: Animal skin       |    13 |     2 ||    15
       Ring mail         |       |     2 ||     2
Dodge: Dodged            |    81 |    34 ||   115
       Rpst.: Falchion   |    28 |     9 ||    37
